AoeStats
← ale90

Fortress

509806462Analyzed
3v3 RM · 4d ago on Sep 28, 2026· 57m 48s· 6 players
Game mode
Random Map
Map size
Large (8 player)
Population
200
Speed
Normal
Resources
Standard
Victory
Conquest
Starting age
Dark Age
Ending age
Imperial Age
RankedLock teamsTeams togetherTeam positionsShared explorationLock speedFull tech treeHidden civsTurbo modeCheats
Victory
Defeat
🇲🇽 Italians · Mexico
1065
+6
🇦🇷 Gurjaras · Argentina
704
+18
🇦🇷 Khmer · Argentina
672
+19
🇺🇸 Teutons · United States
794
-16
🇵🇪 Georgians · Peru
779
-14
🇺🇸 Slavs · United States
744
-13
mosesdretg
7:28 Feudal Age
8:13 Double-Bit Axe
14:05 Castle Age
12:14 Horse Collar
15:09 Bow Saw
16:47 Loom
17:38 Wheelbarrow
18:31 Heavy Plow
23:24 Hand Cart
27:05 Imperial Age
25:06 Pikeman
30:07 Druzhina
29:29 Elite Boyar
31:19 Scale Mail Armor
30:43 Halberdier
31:24 Squires
32:19 Chain Mail Armor
32:00 Sappers
36:02 Two-Man Saw
36:26 Onager
37:40 Plate Mail Armor
38:16 Siege Onager
39:09 Gold Mining
39:43 Detinets
41:25 Capped Ram
43:05 Hoardings
43:59 Heavy Scorpion
Felix
8:09 Feudal Age
9:36 Wheelbarrow
8:48 Double-Bit Axe
11:06 Gold Mining
12:57 Horse Collar
18:33 Castle Age
20:30 Scale Barding Armor
31:46 Imperial Age
31:20 Fortified Wall
34:37 Chemistry
33:59 Ballistics
37:27 Fletching
37:51 Elite Skirmisher
38:18 Pikeman
40:33 Bow Saw
41:41 Onager
47:39 Elite Monaspa
55:40 Parthian Tactics
nicolasvillassanta15
0:58 Loom
9:20 Feudal Age
10:41 Double-Bit Axe
10:53 Gold Mining
10:47 Horse Collar
15:51 Castle Age
14:41 Stone Mining
17:14 Heavy Plow
17:28 Bow Saw
22:27 Fletching
22:58 Elite Skirmisher
26:38 Bodkin Arrow
34:14 Imperial Age
33:40 Wheelbarrow
32:51 Town Watch
34:41 Hand Cart
35:36 Conscription
35:22 Town Patrol
35:27 Capped Ram
37:11 Ironclad
37:29 Squires
37:15 Gambesons
39:00 Forging
38:52 Scale Mail Armor
39:16 Elite Teutonic Knight
41:58 Cavalier
42:56 Bloodlines
43:00 Paladin
44:22 Iron Casting
44:02 Chain Mail Armor
43:53 Scale Barding Armor
48:34 Blast Furnace
47:55 Chain Barding Armor
48:06 Plate Mail Armor
50:09 Onager
57:29 Padded Archer Armor
crepaz
0:28 Loom
7:32 Feudal Age
11:51 Castle Age
10:43 Double-Bit Axe
11:56 Town Watch
25:29 Padded Archer Armor
25:19 Fletching
26:44 Bodkin Arrow
34:17 Imperial Age
36:45 Gold Mining
38:17 Chemistry
38:58 Stone Mining
40:16 Leather Archer Armor
40:29 Bracer
40:52 Ballistics
41:51 Bow Saw
41:35 Elite Skirmisher
43:31 Ring Archer Armor
43:12 Forging
44:41 Murder Holes
44:58 Fortified Wall
48:03 Iron Casting
47:29 Scale Mail Armor
47:23 Pikeman
48:17 Masonry
54:37 Chain Mail Armor
56:49 Wheelbarrow
56:14 Town Patrol
57:57 Plate Mail Armor
58:28 Blast Furnace
forrajeria.kevin
10:35 Feudal Age
10:59 Loom
12:05 Double-Bit Axe
17:14 Castle Age
15:13 Gold Mining
15:13 Stone Mining
17:24 Wheelbarrow
16:35 Town Watch
20:55 Hand Cart
23:07 Gold Shaft Mining
22:42 Horse Collar
24:11 Stone Shaft Mining
24:32 Bow Saw
24:54 Heavy Plow
26:47 Caravan
31:40 Scale Mail Armor
31:51 Forging
31:32 Fletching
31:42 Padded Archer Armor
31:48 Scale Barding Armor
34:52 Leather Archer Armor
34:33 Bodkin Arrow
35:13 Iron Casting
34:54 Chain Mail Armor
35:00 Chain Barding Armor
37:19 Imperial Age
35:00 Pikeman
38:57 Ring Archer Armor
38:28 Bracer
39:20 Fortified Wall
39:05 Murder Holes
41:05 Elite Ballista Elephant
42:08 Conscription
43:27 Blast Furnace
42:29 Bracer
44:00 Chemistry
43:21 Ballistics
43:12 Double Crossbow
46:51 Halberdier
47:17 Arson
48:46 Masonry
48:42 Siege Engineers
49:00 Cavalier
49:45 Husbandry
50:24 Plate Barding Armor
53:34 Light Cavalry
55:28 Hussar
ale90
7:50 Feudal Age
6:07 Loom
7:55 Feudal Age
6:17 Loom
13:14 Town Watch
16:19 Castle Age
17:10 Town Patrol
16:38 Man-at-Arms
17:05 Arson
17:37 Double-Bit Axe
17:37 Horse Collar
19:06 Bow Saw
19:33 Heavy Plow
20:43 Wheelbarrow
22:27 Long Swordsman
23:57 Bloodlines
23:47 Husbandry
23:47 Gold Mining
25:18 Hand Cart
26:15 Scale Barding Armor
30:43 Caravan
31:50 Kshatriyas
35:19 Imperial Age
32:47 Treadmill Crane
33:28 Ballistics
33:22 Fortified Wall
33:32 Ballistics
34:27 Thumb Ring
37:11 Chain Barding Armor
37:01 Forging
37:40 Heavy Camel Rider
38:58 Plate Barding Armor
39:12 Hoardings
39:37 Fletching
40:24 Iron Casting
40:42 Conscription
42:41 Frontier Guards
42:46 Elite Chakram Thrower
44:49 Crop Rotation
46:55 Chemistry
46:07 Masonry
48:13 Bodkin Arrow
49:56 Elite Elephant Archer
51:01 Scale Mail Armor
52:11 Bracer
55:16 Chain Mail Armor
55:02 Padded Archer Armor
Connection lost

Rejoining the realm…

Still unreachable

The connection could not be restored.

Session expired

The server has moved on; the page needs a fresh start.